cohdb
Replays
Latest Replays
All Replays
Popular Replays
Top Player Replays
Match Explorer
How It Works
Community
CoH3 Stats
Reddit
Sign in to upload your games and track your stats! →
Sign in with Steam
Match 42174435
Unlisted
Match 42174435
Overview
Messages
Build Orders
End
Selects Italian Coastal Battlegroup
Selects Coastal Reserves
Coastal Reserve
Kettenkrad Recon Vehicle
Coastal Reserve
Coastal Reserve
Construct Infanterie Kompanie
MG 42 Machine Gun Team
Infanterie Officer Quarters
Coastal Reserve
Selects Artillery Officer
Medical Bunker
Artillery Officer
Construct Luftwaffe Kompanie
Flak 30 Anti-aircraft Gun Team
Jäger Squad
Construct Panzer Kompanie
Selects Support Bunkers
Selects Rapid Fortifications
Panzer IV Medium Tank
Stoßtruppen Squad
Rapid Fortifications
Pioneer Squad
Panzer IV Medium Tank
Side Skirts
Rapid Fortifications
Repair Bunker
Rapid Fortifications
Anti-tank Bunker
Al_Ka_Pwn
سَۨفُـيٰانۨوٰس
0
0
Comments
sign in to comment!
No comments posted yet!